 Dungeon Crawl Stone Soup version 0.22.0-16-gc6d26f6 (webtiles) character file.

1487 NormalPerson7T the Destroyer (level 8, -1/57 HPs)
             Began as a Hill Orc Conjurer on Aug 17, 2018.
             Slain by an orc
             ... wielding a +0 flail
              (4 damage)
             ... on level 5 of the Dungeon.
             The game lasted 00:07:48 (6414 turns).

NormalPerson7T the Destroyer (Hill Orc Conjurer)    Turns: 6414, Time: 00:07:48

Health: -1/57      AC:  5    Str: 12    XL:     8   Next: 80%
Magic:  1/10       EV: 12    Int: 16    God:
Gold:   237        SH:  0    Dex: 11    Spells: 3/10 levels left

rFire    . . .     SeeInvis .   r - +1 flail (drain)
rCold    . . .     Gourm    .   (no shield)
rNeg     . . .     Faith    .   y - +2 robe {Archmagi}
rPois    +         Spirit   .   (no helmet)
rElec    .         Reflect  .   (no cloak)
rCorr    .         Harm     +   (no gloves)
MR       .....                  (no boots)
Stlth    ++........             p - amulet of harm
HPRegen  0.19/turn              P - ring of poison resistance
MPRegen  0.12/turn              A - +1 ring of protection

@: no status effects
A: no striking features
a: no special abilities


You were on level 5 of the Dungeon.
You were not hungry.

You visited 1 branch of the dungeon, and saw 6 of its levels.

You collected 237 gold pieces.

Inventory:

Hand Weapons
 i - a +2 dagger of draining
 r - a +1 flail of draining (weapon)
Missiles
 z - a throwing net (quivered) {!f}
Armour
 a - a +0 robe
 m - a +2 robe of magic resistance
 y - a +2 robe of the Archmagi (worn)
Jewellery
 p - an amulet of harm (around neck)
 A - a +1 ring of protection (right hand)
 E - a +1 ring of evasion
 F - an uncursed ring of protection from fire
 P - a ring of poison resistance (left hand)
Wands
 f - a wand of clouds (6)
 C - a wand of random effects (27)
Scrolls
 c - 5 scrolls of remove curse {unknown}
 j - 5 scrolls of identify {unknown}
 l - 2 scrolls of fear {unknown}
 n - a scroll of enchant weapon {unknown}
 o - 2 scrolls of teleportation {unknown}
 q - a scroll of random uselessness {unknown}
 u - a scroll of enchant armour {unknown}
 v - a scroll of amnesia {unknown}
 w - a scroll of immolation {unknown}
Potions
 b - 2 potions of heal wounds {unknown}
 d - 2 potions of agility {unknown}
 g - a potion of might {unknown}
 h - a potion of mutation {unknown}
 k - a potion of lignification {unknown}
 s - 3 potions of curing {unknown}
 t - a potion of flight {unknown}
 x - a potion of brilliance {unknown}
 B - a potion of invisibility {unknown}
Comestibles
 e - 3 rations


   Skills:
 - Level 1.5 Dodging
 - Level 1.5 Stealth
 - Level 1.5 Spellcasting
 * Level 9.6 Conjurations
 * Level 6.0 Hexes


You had 3 spell levels left.
You knew the following spells:

 Your Spells              Type           Power        Failure   Level  Hunger
a - Magic Dart            Conj           ####         1%          1    ##.....
b - Fulminant Prism       Conj/Hex       #####.....   9%          4    #####..
r - Searing Ray           Conj           #####.       1%          2    ###....

Your spell library contained the following spells:

 Spells                   Type           Power        Failure   Level  Hunger
 Apportation              Tloc           #.....       22%         1    ##.....
 Summon Small Mammal      Summ           #...         22%         1    ##.....
 Iskenderun's Mystic Bla  Conj           #####...     4%          4    #####..
 Animate Skeleton         Necr           N/A          22%         1    ##.....
 Summon Ice Beast         Ice/Summ       #.......     91%         4    #####..
 Call Imp                 Summ           #.......     32%         2    ###....
 Confusing Touch          Hex            ####..       1%          1    ##.....
 Call Canine Familiar     Summ           #.......     54%         3    ####...
 Dazzling Spray           Conj/Hex       #####.       2%          3    ####...
 Force Lance              Conj/Tloc      ###.....     30%         4    #####..
 Summon Lightning Spire   Summ/Air       #.......     91%         4    #####..
 Summon Guardian Golem    Hex/Summ       ###.....     19%         3    ####...


Dungeon Overview and Level Annotations

Branches:
Dungeon (6/15)
 Temple: D:4-7

Altars:
Cheibriados
Elyvilon
Makhleb
Uskayaw


Message History

You kill the orc wizard!
Your Hexes skill increases to level 6!
The orc barely misses you. The orc misses you.
You hit the orc but do no damage. You drain the orc!
The orc is severely wounded.
The orc hits you with a flail! The orc hits you with a club.
The orc hits you with a war axe!
* * * LOW HITPOINT WARNING * * *
You hit the orc but do no damage. You drain the orc!
The orc is almost dead.
The orc barely misses you. The orc hits you with a club.
* * * LOW HITPOINT WARNING * * *
The orc hits you but does no damage. The orc barely misses you.
The orc hits you but does no damage.
You hit the orc.
You kill the orc!
The orc hits you with a club.
* * * LOW HITPOINT WARNING * * *
The orc hits you with a flail.
You die...

######### ####
#.......# #...
#.#####.# #.##
####.#####.####.##
#................>
#.##.......####.##
#.##.#..##.# #.##
#)##.......# #...
#@##.#.###.# ####
#oo....###.#
####.......######
#.#####......#
#.## #......# #..#
#......## ##.##
#...).... #...#
#......## #...#
#.......#


You could see 2 orcs.

Vanquished Creatures
  Pikel (D:4)
  Prince Ribbit (D:5)
  Sigmund (D:2)
  2 slaves
  A phantom (D:5)
  A centaur (D:6)
  2 scorpions
  A crimson imp (D:5)
  2 bullfrog skeletons
  An iguana (D:5)
  Jessica (D:2)
  3 orc wizards
  2 worker ants
  5 adders
  An ooze (D:2)
  An adder skeleton (D:4)
  4 worms
  A dart slug (D:1)
  A leopard gecko (D:5)
  17 orcs
  8 bats
  A giant cockroach (D:2)
  6 goblins
  8 hobgoblins
  2 jackals (D:3)
  6 kobolds
  A quokka (D:4)
  3 frilled lizards
  11 rats
95 creatures vanquished.

Vanquished Creatures (others)
  4 fulminant prisms
4 creatures vanquished.

Grand Total: 99 creatures vanquished

Notes
Turn   | Place    | Note
-------+----------+-------------------------------------------
     0 | D:1      | NormalPerson7T the Hill Orc Conjurer began the quest for the Orb.
     0 | D:1      | Reached XP level 1. HP: 14/14 MP: 3/3
   308 | D:1      | Reached XP level 2. HP: 13/20 MP: 0/4
   430 | D:1      | Learned a level 2 spell: Searing Ray
  1308 | D:2      | Reached XP level 3. HP: 26/26 MP: 1/5
  1435 | D:2      | Reached skill level 5 in Conjurations
  1567 | D:2      | Noticed Jessica
  1591 | D:2      | Killed Jessica
  1591 | D:2      | Reached XP level 4. HP: 33/33 MP: 0/6
  1675 | D:2      | Noticed Sigmund
  1755 | D:2      | Killed Sigmund
  1755 | D:2      | Reached skill level 6 in Conjurations
  1755 | D:2      | Reached XP level 5. HP: 28/38 MP: 0/7
  2005 | D:2      | Reached skill level 7 in Conjurations
  2085 | D:2      | Reached XP level 6. HP: 35/45 MP: 1/8
  2489 | D:3      | Learned a level 4 spell: Fulminant Prism
  2512 | D:3      | Found a snail-covered altar of Cheibriados.
  2625 | D:3      | Reached skill level 1 in Hexes
  3679 | D:4      | Reached XP level 7. HP: 26/50 MP: 0/9
  4360 | D:4      | Found a hide-covered altar of Uskayaw.
  4455 | D:4      | Found a white marble altar of Elyvilon.
  4725 | D:4      | Reached skill level 8 in Conjurations
  4989 | D:5      | Entered Level 5 of the Dungeon
  5148 | D:5      | Found a burning altar of Makhleb.
  5197 | D:5      | Noticed Prince Ribbit
  5205 | D:5      | Killed Prince Ribbit
  5584 | D:5      | Noticed Pikel
  5747 | D:4      | Killed Pikel
  5747 | D:4      | Reached skill level 9 in Conjurations
  5747 | D:4      | Reached skill level 5 in Hexes
  5747 | D:4      | Reached XP level 8. HP: 28/57 MP: 0/10
  6414 | D:5      | Slain by an orc

Skill      XL: |  1  2  3  4  5  6  7  8 |
---------------+-------------------------+-----
Conjurations   | 5 6 7 9 |  9.6
Hexes          | 2 5 6 |  6.0
Dodging        | |  1.5
Stealth        | |  1.5
Spellcasting   | |  1.5

Action                   |  1- 3 |  4- 6 |  7- 9 || total
-------------------------+-------+-------+-------++-------
Melee: Unarmed           |     1 |       |       ||     1
       Dagger            |     2 |     5 |       ||     7
       Flail             |       |    16 |    17 ||    33
 Cast: Magic Dart        |    44 |    85 |    41 ||   170
       Searing Ray       |     3 |     6 |    12 ||    21
       Fulminant Prism   |       |     1 |     3 ||     4
  Eat: Chunk             |     3 |     6 |     8 ||    17
       Ration            |       |     1 |     1 ||     2
Armor: Robe              |     3 |    16 |    15 ||    34
Dodge: Dodged            |     3 |    46 |    46 ||    95
